Punishers vs Spitfire
(R2)
Created - 1 juin 2013 at 22:21
Goals
|
| Punishers |
2 |
4 |
2 |
8 |
| Spitfire |
0 |
2 |
1 |
3 |
|
Shots
|
| Punishers |
8 |
18 |
12 |
38 |
| Spitfire |
7 |
13 |
15 |
35 |
|
1st period
1. Punishers , Alyn McCauley 5 (Viktor Stalberg, Jassen Cullimore) at 0:14
2. Punishers , Mike Grier 7 (Kirk Maltby, Alyn McCauley) at 13:00 (PP)
Penalties :
Adam Pineault (Pro) for Tripping (Minor) at 4:24, Mathieu Roy (Val) for Roughing (Minor) at 7:07, Denis Shvidki (Val) for Tripping (Minor) at 12:54, Alyn McCauley (Pro) for Boarding (Minor) at 17:45
2nd period
3. Punishers , Viktor Stalberg 4 (Mike Grier, Jassen Cullimore) at 0:52
4. Punishers , Kirk Maltby 4 (Petteri Nokelainen, Karri Ramo) at 4:54
5. Spitfire , Brandon Dubinsky 5 (Ryan Callahan, Martin Samuelsson) at 6:10
6. Punishers , Jassen Cullimore 3 (Chris Conner, Dave Bolland) at 9:45 (PP)
7. Spitfire , Brandon Dubinsky 6 (Denis Shvidki, Matt Walker) at 10:35 (SH)
8. Punishers , Mike Grier 8 (Alyn McCauley) at 10:51 (PP)
Penalties :
Mike Grier (Pro) for Close Hand On Puck (Minor) at 2:40, David Krejci (Val) for Hooking (Minor) at 9:09, Mathieu Roy (Val) for Slashing (Minor) at 9:54, Jassen Cullimore (Pro) for Holding Stick (Minor) at 11:41, Alyn McCauley (Pro) for High sticking (Minor) at 15:59, Mathieu Roy (Val) for Hooking (Minor) at 17:18
3rd period
9. Punishers , Dave Bolland 4 (Jimmie Olvestad, Marc-André Bergeron) at 8:18 (PP)
10. Punishers , Dave Bolland 5 (Jassen Cullimore, Chris Conner) at 13:18 (PP)
11. Spitfire , Kris Beech 6 (Marc-Antoine Pouliot, Brad Staubitz) at 19:40
Penalties :
Dick Tarnstrom (Val) for High sticking (Minor) at 1:26, Jean-Luc Grand-Pierre (Pro) for Tripping (Minor) at 1:26, Mathieu Roy (Val) for Roughing (Minor) at 7:11, Devin Didiomete (Val) for Roughing (Minor) at 13:05, Mathieu Roy (Val) for Hooking (Minor) at 14:11, Adam Pineault (Pro) for Roughing (Minor) at 14:11
Goalie Stats
Karri Ramo (Pro), 32 saves from 35 shots - (0,914), W, 4-2-0, 60:00 minutes
Marc Denis (Val), 6 saves from 10 shots - (0,600), L, 6-3-0, 24:54 minutes
Yann Danis (Val), 24 saves from 28 shots - (0,857), 35:06 minutes
Players Stats for Punishers
Player Name G A P +/- PIM S H SB GA TA FO MP PP MP PK MP
------------------------------------------------------------------------------------
Adam McQuaid 0 0 0 -1 0 0 0 0 0 0 0/0 4:17 0:00 0:16
Adam Pineault 0 0 0 0 4 0 1 1 0 0 0/0 8:14 0:00 0:00
Alyn McCauley 1 2 3 1 4 4 2 0 0 2 20/32 21:16 3:06 2:10
Chris Conner 0 2 2 -1 0 2 1 2 0 0 0/1 13:36 3:11 0:00
Dave Bolland 2 1 3 -1 0 7 1 0 0 0 13/17 18:21 3:11 3:29
Jassen Cullimore 1 3 4 2 2 5 1 1 0 0 0/0 26:52 5:05 4:47
Jean-Luc Grand-Pierre 0 0 0 -2 2 3 1 0 0 0 0/0 18:51 1:12 3:22
Jimmie Olvestad 0 1 1 -1 0 2 0 1 1 1 1/1 15:18 3:11 1:28
Joe Vitale 0 0 0 0 0 0 0 0 0 0 1/1 5:48 0:00 0:12
Justin Falk 0 0 0 -1 0 0 0 0 0 0 0/0 3:00 0:00 0:00
Kirk Maltby 1 1 2 0 0 4 0 2 0 2 0/3 19:17 3:06 4:44
Kris Chucko 0 0 0 0 0 1 1 0 0 0 0/0 6:34 0:00 0:09
Marc-André Bergeron 0 1 1 2 0 1 0 1 0 2 0/0 30:24 5:05 5:53
Mark Fraser 0 0 0 -2 0 1 1 1 0 0 0/0 19:23 1:12 3:22
Mike Blunden 0 0 0 0 0 0 2 0 0 0 0/0 5:36 0:00 0:00
Mike Grier 2 1 3 1 2 4 1 3 3 0 10/20 25:21 3:06 3:44
Mike Weber 0 0 0 1 0 0 1 0 0 0 0/0 8:16 0:00 0:50
Petteri Nokelainen 0 1 1 0 0 1 1 3 0 0 1/2 10:31 0:00 2:34
Stu Bickel 0 0 0 1 0 0 1 1 0 0 0/0 9:20 0:00 0:00
Viktor Stalberg 1 1 2 1 0 3 2 0 0 0 0/1 15:45 0:00 0:00
Players Stats for Spitfire
Player Name G A P +/- PIM S H SB GA TA FO MP PP MP PK MP
------------------------------------------------------------------------------------
Brad Staubitz 0 1 1 0 0 1 1 0 0 0 0/0 5:47 0:09 0:00
Brandon Dubinsky 2 0 2 1 0 5 5 0 1 1 19/36 21:11 4:52 1:54
Danny Syvret 0 0 0 0 0 0 1 1 0 1 0/0 13:54 0:42 2:44
David Krejci 0 0 0 0 2 4 3 0 1 0 3/11 15:02 4:02 0:00
Denis Shvidki 0 1 1 1 2 1 1 1 0 0 1/2 18:02 4:02 1:54
Devin Didiomete 0 0 0 0 2 0 1 0 0 0 0/0 5:09 0:00 0:00
Dick Tarnstrom 0 0 0 0 2 4 3 0 0 1 0/0 30:29 4:35 3:19
Erik Condra 0 0 0 -1 0 1 2 0 1 0 0/0 10:11 0:00 0:38
Keaton Ellerby 0 0 0 1 0 0 1 0 0 0 0/0 6:25 0:00 0:14
Kevin Klein 0 0 0 0 0 1 3 3 0 1 0/0 28:49 4:35 3:19
Kris Beech 1 0 1 -1 0 5 2 0 0 0 1/5 10:46 0:21 0:00
Marc-Antoine Pouliot 0 1 1 0 0 0 0 1 0 0 0/0 6:33 0:21 0:00
Martin Samuelsson 0 1 1 0 0 5 0 1 4 0 1/4 25:13 4:52 3:45
Mathieu Roy 0 0 0 -2 10 2 2 0 0 0 0/0 19:48 4:09 0:00
Matt Walker 0 1 1 1 0 0 2 1 0 0 0/0 20:02 4:28 2:58
Paul Bissonnette 0 0 0 -1 0 0 2 0 0 0 0/0 10:00 0:00 0:37
Ryan Callahan 0 1 1 0 0 5 0 0 0 0 7/19 25:40 5:04 3:46
Sandis Ozolinsh 0 0 0 0 0 0 0 1 0 0 0/0 0:52 0:00 0:00
Tim Kennedy 0 0 0 0 0 1 2 0 0 0 0/1 15:03 4:02 0:00
3 Stars
1 - Brandon Dubinsky (Val)
2 - Jassen Cullimore (Pro)
3 - Mike Grier (Pro)
Power Play
Punishers - 5 on 7 Attempt(s) - 71,43%
Spitfire - 0 on 5 Attempt(s) - 0,00%
Penalty Kill
Punishers - 5 on 5 Attempt(s) - 100,00%
- Score 0 goal in Penalty Kill
Spitfire - 2 on 7 Attempt(s) - 28,57%
- Score 1 goal in Penalty Kill
Official
Referees : Rooney Chris and Auger Stephane
Linesman : Steve Miller and Brian Murphy
Game Notes
Sandis Ozolinsh is injured at 1:06 of 1st period (Upper Body)
Yann Danis enters game at 4:54 of 2nd period
Jassen Cullimore is injured at 15:51 of 3rd period (Groin)
Finance
Level 1 -- Attendance: 1921 (96,05%) -- Ticket Income 67 235 $
Level 2 -- Attendance: 1000 (100,00%) -- Ticket Income 15 000 $
Total Attendance: 2921 (97,37%)
Total Ticket Income: 82 235 $
Other Income: 4 112 $
Total Income: 86 347 $
Punishers
5 vs 5 Forward
Center Left Wing Right Wing Time % Phy DF OF
1 Alyn McCauley Viktor Stalberg Mike Grier 40 0 2 3
2 Dave Bolland Jimmie Olvestad Chris Conner 30 0 2 3
3 Petteri Nokelainen Kirk Maltby Adam Pineault 20 1 2 2
4 Joe Vitale Kris Chucko Mike Blunden 10 1 2 2
5 vs 5 Defense
Defense Defense Time % Phy DF OF
1 Jassen Cullimore Marc-André Bergeron 40 1 2 2
2 Jean-Luc Grand-Pierre Mark Fraser 30 1 2 2
3 Stu Bickel Mike Weber 20 1 2 2
4 Adam McQuaid Justin Falk 10 1 2 2
PowerPlay Forward
Center Left Wing Right Wing Time % Phy DF OF
1 Alyn McCauley Kirk Maltby Mike Grier 60 0 2 3
2 Dave Bolland Jimmie Olvestad Chris Conner 40 0 2 3
PowerPlay Defense
Defense Defense Time % Phy DF OF
1 Jassen Cullimore Marc-André Bergeron 60 1 2 2
2 Jean-Luc Grand-Pierre Mark Fraser 40 1 2 2
Penalty Kill 4 Players Forward
Center Wing Time % Phy DF OF
1 Mike Grier Kirk Maltby 60 1 2 2
2 Alyn McCauley Dave Bolland 40 1 2 2
Penalty Kill 4 Players Defense
Defense Defense Time % Phy DF OF
1 Jassen Cullimore Marc-André Bergeron 60 1 2 2
2 Jean-Luc Grand-Pierre Mark Fraser 40 1 2 2
Penalty Kill - 3 Players Forward
Forward Time % Phy DF OF
1 Mike Grier 60 1 2 2
2 Kirk Maltby 40 1 2 2
Penalty Kill - 3 Players Defense
Defense Defense Time % Phy DF OF
1 Jassen Cullimore Marc-André Bergeron 60 1 2 2
2 Jean-Luc Grand-Pierre Mark Fraser 40 1 2 2
4 vs 4 Forward
Center Wing Time % Phy DF OF
1 Mike Grier Kirk Maltby 60 1 2 2
2 Alyn McCauley Dave Bolland 40 1 2 2
4 vs 4 Defense
Defense Defense Time % Phy DF OF
1 Jassen Cullimore Marc-André Bergeron 60 1 2 2
2 Jean-Luc Grand-Pierre Mark Fraser 40 1 2 2
Last Minutes Offensive
Center Left Wing Right Wing Defense Defense
Alyn McCauley Kirk Maltby Mike Grier Jassen Cullimore Marc-André Bergeron
Last Minutes Defensive
Center Left Wing Right Wing Defense Defense
Alyn McCauley Kirk Maltby Mike Grier Jassen Cullimore Marc-André Bergeron
Goaltenders
Starting : Karri Ramo
Backup : Curtis McElhinney
Extra Forwards
Normal : Viktor Stalberg, Kris Chucko, Petteri Nokelainen - PP : Viktor Stalberg, Kris Chucko - PK : Petteri Nokelainen
Extra Defensemen
Normal : Stu Bickel, Mike Weber, Adam McQuaid - PP : Stu Bickel - PK : Mike Weber, Adam McQuaid
Penalty Shots
Mike Grier, Kirk Maltby, Alyn McCauley, Dave Bolland, Jimmie Olvestad
Spitfire
5 vs 5 Forward
Center Left Wing Right Wing Time % Phy DF OF
1 Brandon Dubinsky Martin Samuelsson Ryan Callahan 40 1 2 2
2 David Krejci Tim Kennedy Denis Shvidki 30 1 2 2
3 Kris Beech Paul Bissonnette Erik Condra 20 1 2 2
4 Marc-Antoine Pouliot Devin Didiomete Brad Staubitz 10 1 2 2
5 vs 5 Defense
Defense Defense Time % Phy DF OF
1 Dick Tarnstrom Kevin Klein 40 1 2 2
2 Sandis Ozolinsh Matt Walker 30 1 2 2
3 Mathieu Roy Danny Syvret 20 1 2 2
4 Keaton Ellerby Dick Tarnstrom 10 1 2 2
PowerPlay Forward
Center Left Wing Right Wing Time % Phy DF OF
1 Brandon Dubinsky Martin Samuelsson Ryan Callahan 60 1 2 2
2 David Krejci Tim Kennedy Denis Shvidki 40 1 2 2
PowerPlay Defense
Defense Defense Time % Phy DF OF
1 Dick Tarnstrom Kevin Klein 60 1 2 2
2 Sandis Ozolinsh Matt Walker 40 1 2 2
Penalty Kill 4 Players Forward
Center Wing Time % Phy DF OF
1 Ryan Callahan Martin Samuelsson 60 1 2 2
2 Denis Shvidki Brandon Dubinsky 40 1 2 2
Penalty Kill 4 Players Defense
Defense Defense Time % Phy DF OF
1 Dick Tarnstrom Kevin Klein 60 1 2 2
2 Sandis Ozolinsh Matt Walker 40 1 2 2
Penalty Kill - 3 Players Forward
Forward Time % Phy DF OF
1 Ryan Callahan 60 1 2 2
2 Martin Samuelsson 40 1 2 2
Penalty Kill - 3 Players Defense
Defense Defense Time % Phy DF OF
1 Dick Tarnstrom Kevin Klein 60 1 2 2
2 Sandis Ozolinsh Matt Walker 40 1 2 2
4 vs 4 Forward
Center Wing Time % Phy DF OF
1 Ryan Callahan Martin Samuelsson 60 1 2 2
2 Denis Shvidki Brandon Dubinsky 40 1 2 2
4 vs 4 Defense
Defense Defense Time % Phy DF OF
1 Dick Tarnstrom Kevin Klein 60 1 2 2
2 Sandis Ozolinsh Matt Walker 40 1 2 2
Last Minutes Offensive
Center Left Wing Right Wing Defense Defense
Brandon Dubinsky Martin Samuelsson Ryan Callahan Dick Tarnstrom Kevin Klein
Last Minutes Defensive
Center Left Wing Right Wing Defense Defense
Brandon Dubinsky Martin Samuelsson Ryan Callahan Dick Tarnstrom Kevin Klein
Goaltenders
Starting : Marc Denis
Backup : Yann Danis
Extra Forwards
Normal : Kris Beech, Marc-Antoine Pouliot, Erik Condra - PP : Kris Beech, Marc-Antoine Pouliot - PK : Erik Condra
Extra Defensemen
Normal : Mathieu Roy, Danny Syvret, Keaton Ellerby - PP : Mathieu Roy - PK : Danny Syvret, Keaton Ellerby
Penalty Shots
Ryan Callahan, Martin Samuelsson, Denis Shvidki, Brandon Dubinsky, David Krejci
% Time on Ice - Punishers
Lines # - Real PCT - Wanted PCT - Time Play
Normal Forward
1 - 40% - 40% - 16:02
2 - 27% - 30% - 10:36
3 - 19% - 20% - 7:36
4 - 14% - 10% - 5:36
Normal Defense
1 - 43% - 40% - 17:05
2 - 33% - 30% - 13:03
3 - 17% - 20% - 6:42
4 - 8% - 10% - 3:00
PP Forward
1 - 49% - 60% - 3:06
2 - 51% - 40% - 3:11
PP Defense
1 - 81% - 60% - 5:05
2 - 19% - 40% - 1:12
PK Forward
1 - 69% - 60% - 6:21
2 - 31% - 40% - 2:54
PK Defense
1 - 64% - 60% - 5:53
2 - 36% - 40% - 3:22
PK3 Forward
1 - 0% - 60%
2 - 0% - 40%
PK3 Defense
1 - 0% - 60%
2 - 0% - 40%
44 Forward
1 - 82% - 60% - 3:48
2 - 18% - 40% - 0:50
44 Defense
1 - 51% - 60% - 2:21
2 - 49% - 40% - 2:17
Last Minute Offensive - 0:00
Last Minute Defensive - 0:00
Total
Forward - 60:00
Defense - 60:00
|
% Time on Ice - Spitfire
Lines # - Real PCT - Wanted PCT - Time Play
Normal Forward
1 - 35% - 40% - 14:05
2 - 28% - 30% - 11:12
3 - 24% - 20% - 9:23
4 - 13% - 10% - 5:10
Normal Defense
1 - 44% - 40% - 17:23
2 - 31% - 30% - 12:22
3 - 16% - 20% - 6:32
4 - 9% - 10% - 3:33
PP Forward
1 - 56% - 60% - 5:13
2 - 44% - 40% - 4:02
PP Defense
1 - 50% - 60% - 4:35
2 - 50% - 40% - 4:40
PK Forward
1 - 70% - 60% - 4:23
2 - 30% - 40% - 1:54
PK Defense
1 - 53% - 60% - 3:19
2 - 47% - 40% - 2:58
PK3 Forward
1 - 0% - 60%
2 - 0% - 40%
PK3 Defense
1 - 0% - 60%
2 - 0% - 40%
44 Forward
1 - 80% - 60% - 3:43
2 - 20% - 40% - 0:55
44 Defense
1 - 76% - 60% - 3:32
2 - 24% - 40% - 1:06
Last Minute Offensive - 0:00
Last Minute Defensive - 0:00
Total
Forward - 60:00
Defense - 60:00
|
Play by Play
1st period
0:01 of 1st period - Alyn McCauley wins face-off versus Brandon Dubinsky in neutral zone.
0:14 of 1st period - Snap shot by Alyn McCauley.
0:14 of 1st period - Goal by Alyn McCauley - Punishers : 1 - Spitfire : 0.
0:15 of 1st period - Dave Bolland wins face-off versus David Krejci in neutral zone.
1:01 of 1st period - Sandis Ozolinsh is hit by Stu Bickel and loses puck.
1:06 of 1st period - Slapshot by Jassen Cullimore.
1:06 of 1st period - Shot Blocked by Sandis Ozolinsh.
1:06 of 1st period - Sandis Ozolinsh from Spitfire is injured at 1:06 of 1st period (Upper Body).
1:07 of 1st period - Alyn McCauley wins face-off versus Brandon Dubinsky in Spitfire zone.
1:08 of 1st period - Snap shot by Mike Grier.
1:08 of 1st period - Shot Misses the Net.
1:39 of 1st period - Snap shot by Kevin Klein.
1:39 of 1st period - Shot Blocked by Jimmie Olvestad.
1:55 of 1st period - Snap shot by Denis Shvidki.
1:55 of 1st period - Shot Misses the Net.
3:05 of 1st period - Stu Bickel is hit by Erik Condra and loses puck.
3:10 of 1st period - Wrist shot by Kris Beech.
3:10 of 1st period - Shot Blocked by Chris Conner.
3:12 of 1st period - Slapshot by Paul Bissonnette.
3:12 of 1st period - Shot Misses the Net.
3:14 of 1st period - Snap shot by Erik Condra.
3:14 of 1st period - Stopped by Karri Ramo with a rebound.
3:16 of 1st period - Snap shot by Kris Beech.
3:16 of 1st period - Stopped by Karri Ramo without a rebound.
3:17 of 1st period - Brandon Dubinsky wins face-off versus Mike Grier in Punishers zone.
3:20 of 1st period - Snap shot by Brandon Dubinsky.
3:20 of 1st period - Shot Misses the Net.
3:32 of 1st period - Wrist shot by Ryan Callahan.
3:32 of 1st period - Shot Misses the Net.
3:42 of 1st period - Viktor Stalberg is hit by Keaton Ellerby and loses puck.
3:49 of 1st period - Snap shot by Marc-Antoine Pouliot.
3:49 of 1st period - Shot Misses the Net.
3:57 of 1st period - Slapshot by Mike Grier.
3:57 of 1st period - Shot Misses the Net.
3:59 of 1st period - Slapshot by Alyn McCauley.
3:59 of 1st period - Deflect By Viktor Stalberg.
3:59 of 1st period - Shot Misses the Net.
3:59 of 1st period - Puck is out of play.
4:00 of 1st period - Dave Bolland wins face-off versus David Krejci in Spitfire zone.
4:24 of 1st period - Minor Penalty to Adam Pineault for Tripping.
4:25 of 1st period - Brandon Dubinsky wins face-off versus Mike Grier in Punishers zone.
4:26 of 1st period - Wrist shot by Ryan Callahan.
4:26 of 1st period - Deflect By Kirk Maltby.
4:26 of 1st period - Stopped by Karri Ramo without a rebound.
4:27 of 1st period - Brandon Dubinsky wins face-off versus Mike Grier in Punishers zone.
4:42 of 1st period - Wrist shot by Ryan Callahan.
4:42 of 1st period - Deflect By Martin Samuelsson.
4:42 of 1st period - Shot Blocked by Jassen Cullimore.
4:42 of 1st period - Puck is out of play.
4:43 of 1st period - Brandon Dubinsky wins face-off versus Kirk Maltby in Punishers zone.
4:52 of 1st period - Wrist shot by Ryan Callahan.
4:52 of 1st period - Deflect By Brandon Dubinsky.
4:52 of 1st period - Shot Misses the Net.
4:52 of 1st period - Puck is out of play.
4:53 of 1st period - Mike Grier wins face-off versus Martin Samuelsson in Punishers zone.
5:02 of 1st period - Wrist shot by Mike Grier.
5:02 of 1st period - Shot Misses the Net.
5:29 of 1st period - Snap shot by David Krejci.
5:29 of 1st period - Shot Misses the Net.
6:24 of 1st period - Penalty to Adam Pineault is over, Adam Pineault is back on ice.
6:27 of 1st period - Wrist shot by Kirk Maltby.
6:27 of 1st period - Stopped by Marc Denis with a rebound.
6:33 of 1st period - Marc-André Bergeron is hit by Paul Bissonnette and loses puck.
7:00 of 1st period - Slapshot by Jassen Cullimore.
7:00 of 1st period - Deflect By Marc-Antoine Pouliot.
7:00 of 1st period - Stopped by Marc Denis without a rebound.
7:01 of 1st period - Dave Bolland wins face-off versus David Krejci in Spitfire zone.
7:04 of 1st period - Wrist shot by Dave Bolland.
7:04 of 1st period - Shot Misses the Net.
7:06 of 1st period - Slapshot by Jimmie Olvestad.
7:06 of 1st period - Stopped by Marc Denis without a rebound.
7:07 of 1st period - David Krejci wins face-off versus Dave Bolland in Spitfire zone.
7:07 of 1st period - Minor Penalty to Mathieu Roy for Roughing.
7:08 of 1st period - Ryan Callahan wins face-off versus Alyn McCauley in Spitfire zone.
7:14 of 1st period - Icing by Marc-André Bergeron.
7:15 of 1st period - Ryan Callahan wins face-off versus Alyn McCauley in Punishers zone.
7:18 of 1st period - Slapshot by Martin Samuelsson.
7:18 of 1st period - Shot Misses the Net.
7:23 of 1st period - Icing by Mike Grier.
7:24 of 1st period - Alyn McCauley wins face-off versus Ryan Callahan in Punishers zone.
9:07 of 1st period - Penalty to Mathieu Roy is over, Mathieu Roy is back on ice.
9:24 of 1st period - Joe Vitale is hit by Brad Staubitz and loses puck.
9:29 of 1st period - Wrist shot by Brad Staubitz.
9:29 of 1st period - Stopped by Karri Ramo with a rebound.
10:11 of 1st period - Kris Beech is hit by Adam Pineault and loses puck.
11:29 of 1st period - Adam Pineault is hit by Devin Didiomete and loses puck.
11:44 of 1st period - Dave Bolland is hit by Brandon Dubinsky and loses puck.
12:54 of 1st period - Minor Penalty to Denis Shvidki for Tripping.
12:55 of 1st period - Alyn McCauley wins face-off versus Ryan Callahan in Spitfire zone.
13:00 of 1st period - Wrist shot by Mike Grier.
13:00 of 1st period - Goal by Mike Grier - Punishers : 2 - Spitfire : 0.
13:01 of 1st period - Brandon Dubinsky wins face-off versus Alyn McCauley in neutral zone.
13:03 of 1st period - Off-side.
13:04 of 1st period - Brandon Dubinsky wins face-off versus Alyn McCauley in neutral zone.
13:07 of 1st period - Snap shot by Ryan Callahan.
13:07 of 1st period - Stopped by Karri Ramo with a rebound.
13:29 of 1st period - Wrist shot by Denis Shvidki.
13:29 of 1st period - Shot Misses the Net.
13:59 of 1st period - Slapshot by Kris Beech.
13:59 of 1st period - Stopped by Karri Ramo without a rebound.
14:00 of 1st period - Brandon Dubinsky wins face-off versus Alyn McCauley in Punishers zone.
14:07 of 1st period - Wrist shot by Martin Samuelsson.
14:07 of 1st period - Deflect By Brandon Dubinsky.
14:07 of 1st period - Shot Blocked by Mike Grier.
14:07 of 1st period - Puck is out of play.
14:08 of 1st period - Alyn McCauley wins face-off versus Brandon Dubinsky in Punishers zone.
14:13 of 1st period - Snap shot by Martin Samuelsson.
14:13 of 1st period - Shot Misses the Net.
14:15 of 1st period - Snap shot by Brandon Dubinsky.
14:15 of 1st period - Stopped by Karri Ramo without a rebound.
14:16 of 1st period - Brandon Dubinsky wins face-off versus Alyn McCauley in Punishers zone.
14:41 of 1st period - Jean-Luc Grand-Pierre is hit by Dick Tarnstrom and loses puck.
14:46 of 1st period - Wrist shot by Kris Beech.
14:46 of 1st period - Shot Misses the Net.
15:04 of 1st period - Slapshot by Viktor Stalberg.
15:04 of 1st period - Shot Blocked by Denis Shvidki.
15:10 of 1st period - Alyn McCauley is hit by Danny Syvret and loses puck.
15:27 of 1st period - Wrist shot by Dave Bolland.
15:27 of 1st period - Shot Misses the Net.
15:29 of 1st period - Snap shot by Jimmie Olvestad.
15:29 of 1st period - Stopped by Marc Denis without a rebound.
15:30 of 1st period - Dave Bolland wins face-off versus Brandon Dubinsky in Spitfire zone.
15:38 of 1st period - Off-side.
15:39 of 1st period - Dave Bolland wins face-off versus Brandon Dubinsky in neutral zone.
15:48 of 1st period - Snap shot by Dave Bolland.
15:48 of 1st period - Stopped by Marc Denis without a rebound.
15:49 of 1st period - Dave Bolland wins face-off versus Brandon Dubinsky in Spitfire zone.
15:50 of 1st period - Snap shot by Jimmie Olvestad.
15:50 of 1st period - Shot Misses the Net.
16:26 of 1st period - Snap shot by Kirk Maltby.
16:26 of 1st period - Shot Misses the Net.
17:05 of 1st period - Dick Tarnstrom is hit by Mike Blunden and loses puck.
17:25 of 1st period - Wrist shot by Dave Bolland.
17:25 of 1st period - Deflect By Jimmie Olvestad.
17:25 of 1st period - Shot Misses the Net.
17:25 of 1st period - Puck is out of play.
17:26 of 1st period - Alyn McCauley wins face-off versus David Krejci in Spitfire zone.
17:29 of 1st period - Wrist shot by Alyn McCauley.
17:29 of 1st period - Stopped by Marc Denis with a rebound.
17:45 of 1st period - Minor Penalty to Alyn McCauley for Boarding.
17:46 of 1st period - Brandon Dubinsky wins face-off versus Mike Grier in Punishers zone.
18:20 of 1st period - Denis Shvidki is hit by Dave Bolland and loses puck.
19:45 of 1st period - Penalty to Alyn McCauley is over, Alyn McCauley is back on ice.
19:52 of 1st period - Jean-Luc Grand-Pierre is hit by Mathieu Roy and loses puck.
2nd period
0:01 of 2nd period - Brandon Dubinsky wins face-off versus Alyn McCauley in neutral zone.
0:37 of 2nd period - Mike Grier is hit by Erik Condra and loses puck.
0:50 of 2nd period - Wrist shot by Mike Grier.
0:50 of 2nd period - Shot Misses the Net.
0:52 of 2nd period - Snap shot by Viktor Stalberg.
0:52 of 2nd period - Goal by Viktor Stalberg - Punishers : 3 - Spitfire : 0.
0:53 of 2nd period - Jimmie Olvestad wins face-off versus Martin Samuelsson in neutral zone.
1:20 of 2nd period - Mark Fraser is hit by Tim Kennedy and loses puck.
1:27 of 2nd period - Snap shot by Denis Shvidki.
1:27 of 2nd period - Shot Misses the Net.
1:29 of 2nd period - Slapshot by Mathieu Roy.
1:29 of 2nd period - Shot Misses the Net.
1:31 of 2nd period - Wrist shot by David Krejci.
1:31 of 2nd period - Stopped by Karri Ramo without a rebound.
1:32 of 2nd period - Alyn McCauley wins face-off versus Kris Beech in Punishers zone.
1:34 of 2nd period - Icing by Viktor Stalberg.
1:35 of 2nd period - Alyn McCauley wins face-off versus Kris Beech in Punishers zone.
1:44 of 2nd period - Snap shot by Mike Grier.
1:44 of 2nd period - Shot Blocked by Kevin Klein.
1:46 of 2nd period - Snap shot by Alyn McCauley.
1:46 of 2nd period - Shot Misses the Net.
2:11 of 2nd period - Wrist shot by Dick Tarnstrom.
2:11 of 2nd period - Stopped by Karri Ramo with a rebound.
2:27 of 2nd period - Snap shot by David Krejci.
2:27 of 2nd period - Shot Blocked by Mark Fraser.
2:40 of 2nd period - Minor Penalty to Mike Grier for Close Hand On Puck.
2:41 of 2nd period - Brandon Dubinsky wins face-off versus Petteri Nokelainen in Punishers zone.
2:52 of 2nd period - Slapshot by Mathieu Roy.
2:52 of 2nd period - Stopped by Karri Ramo with a rebound.
3:08 of 2nd period - Tim Kennedy is hit by Alyn McCauley and loses puck.
4:40 of 2nd period - Penalty to Mike Grier is over, Mike Grier is back on ice.
4:54 of 2nd period - Snap shot by Kirk Maltby.
4:54 of 2nd period - Goal by Kirk Maltby - Punishers : 4 - Spitfire : 0.
4:54 of 2nd period - Yann Danis enters game.
4:55 of 2nd period - Mike Grier wins face-off versus David Krejci in neutral zone.
4:57 of 2nd period - Off-side.
4:58 of 2nd period - David Krejci wins face-off versus Alyn McCauley in neutral zone.
5:01 of 2nd period - Snap shot by Denis Shvidki.
5:01 of 2nd period - Shot Blocked by Mike Grier.
5:03 of 2nd period - Snap shot by Kevin Klein.
5:03 of 2nd period - Shot Blocked by Marc-André Bergeron.
5:11 of 2nd period - Wrist shot by Tim Kennedy.
5:11 of 2nd period - Stopped by Karri Ramo with a rebound.
5:13 of 2nd period - Snap shot by Kevin Klein.
5:13 of 2nd period - Deflect By Alyn McCauley.
5:13 of 2nd period - Stopped by Karri Ramo with a rebound.
5:22 of 2nd period - Icing by Jimmie Olvestad.
5:23 of 2nd period - Ryan Callahan wins face-off versus Dave Bolland in Punishers zone.
5:34 of 2nd period - Wrist shot by Dave Bolland.
5:34 of 2nd period - Stopped by Yann Danis without a rebound.
5:35 of 2nd period - Mike Grier wins face-off versus Brandon Dubinsky in Spitfire zone.
5:57 of 2nd period - Brandon Dubinsky is hit by Alyn McCauley and loses puck.
6:08 of 2nd period - Snap shot by Ryan Callahan.
6:08 of 2nd period - Stopped by Karri Ramo with a rebound.
6:10 of 2nd period - Wrist shot by Brandon Dubinsky.
6:10 of 2nd period - Goal by Brandon Dubinsky - Punishers : 4 - Spitfire : 1.
6:11 of 2nd period - Dave Bolland wins face-off versus David Krejci in neutral zone.
6:16 of 2nd period - Backhand shot by Marc-André Bergeron.
6:16 of 2nd period - Shot Blocked by Kevin Klein.
6:36 of 2nd period - Alyn McCauley is hit by Brandon Dubinsky and loses puck.
7:01 of 2nd period - Kevin Klein is hit by Mike Blunden and loses puck.
7:06 of 2nd period - Slapshot by Jean-Luc Grand-Pierre.
7:06 of 2nd period - Stopped by Yann Danis with a rebound.
7:08 of 2nd period - Backhand shot by Jean-Luc Grand-Pierre.
7:08 of 2nd period - Stopped by Yann Danis with a rebound.
7:26 of 2nd period - Snap shot by Jimmie Olvestad.
7:26 of 2nd period - Shot Blocked by Marc-Antoine Pouliot.
7:28 of 2nd period - Snap shot by Dave Bolland.
7:28 of 2nd period - Stopped by Yann Danis with a rebound.
7:30 of 2nd period - Wrist shot by Chris Conner.
7:30 of 2nd period - Stopped by Yann Danis with a rebound.
8:02 of 2nd period - Dick Tarnstrom is hit by Mike Grier and loses puck.
8:25 of 2nd period - Jassen Cullimore is hit by Kevin Klein and loses puck.
9:01 of 2nd period - David Krejci is hit by Petteri Nokelainen and loses puck.
9:09 of 2nd period - Minor Penalty to David Krejci for Hooking.
9:10 of 2nd period - Alyn McCauley wins face-off versus Ryan Callahan in Spitfire zone.
9:39 of 2nd period - Wrist shot by Dave Bolland.
9:39 of 2nd period - Shot Blocked by Martin Samuelsson.
9:41 of 2nd period - Wrist shot by Chris Conner.
9:41 of 2nd period - Shot Blocked by Matt Walker.
9:43 of 2nd period - Wrist shot by Jassen Cullimore.
9:43 of 2nd period - Shot Blocked by Danny Syvret.
9:45 of 2nd period - Slapshot by Jassen Cullimore.
9:45 of 2nd period - Goal by Jassen Cullimore - Punishers : 5 - Spitfire : 1.
9:46 of 2nd period - Alyn McCauley wins face-off versus David Krejci in neutral zone.
9:54 of 2nd period - Minor Penalty to Mathieu Roy for Slashing.
9:55 of 2nd period - Alyn McCauley wins face-off versus Ryan Callahan in Spitfire zone.
10:08 of 2nd period - Slapshot by Mike Grier.
10:08 of 2nd period - Deflect By Kirk Maltby.
10:08 of 2nd period - Stopped by Yann Danis with a rebound.
10:22 of 2nd period - Off-side.
10:23 of 2nd period - Dave Bolland wins face-off versus Denis Shvidki in neutral zone.
10:35 of 2nd period - Wrist shot by Brandon Dubinsky.
10:35 of 2nd period - Goal by Brandon Dubinsky - Punishers : 5 - Spitfire : 2.
10:36 of 2nd period - Alyn McCauley wins face-off versus Ryan Callahan in neutral zone.
10:47 of 2nd period - Wrist shot by Mike Grier.
10:47 of 2nd period - Stopped by Yann Danis with a rebound.
10:49 of 2nd period - Slapshot by Jassen Cullimore.
10:49 of 2nd period - Stopped by Yann Danis without a rebound.
10:50 of 2nd period - Alyn McCauley wins face-off versus Ryan Callahan in Spitfire zone.
10:51 of 2nd period - Slapshot by Mike Grier.
10:51 of 2nd period - Goal by Mike Grier - Punishers : 6 - Spitfire : 2.
10:52 of 2nd period - Ryan Callahan wins face-off versus Alyn McCauley in neutral zone.
11:17 of 2nd period - Jimmie Olvestad is hit by David Krejci and loses puck.
11:41 of 2nd period - Minor Penalty to Jassen Cullimore for Holding Stick.
11:42 of 2nd period - Mike Grier wins face-off versus Ryan Callahan in Punishers zone.
11:46 of 2nd period - Off-side.
11:47 of 2nd period - Mike Grier wins face-off versus Brandon Dubinsky in neutral zone.
11:50 of 2nd period - Slapshot by Jean-Luc Grand-Pierre.
11:50 of 2nd period - Deflect By Mike Grier.
11:50 of 2nd period - Shot Misses the Net.
11:50 of 2nd period - Puck is out of play.
11:51 of 2nd period - Brandon Dubinsky wins face-off versus Mike Grier in Spitfire zone.
12:11 of 2nd period - Wrist shot by Martin Samuelsson.
12:11 of 2nd period - Shot Misses the Net.
12:27 of 2nd period - Snap shot by Dave Bolland.
12:27 of 2nd period - Stopped by Yann Danis with a rebound.
12:29 of 2nd period - Snap shot by Alyn McCauley.
12:29 of 2nd period - Stopped by Yann Danis with a rebound.
12:31 of 2nd period - Slapshot by Marc-André Bergeron.
12:31 of 2nd period - Stopped by Yann Danis with a rebound.
13:17 of 2nd period - Brandon Dubinsky is hit by Mark Fraser and loses puck.
13:40 of 2nd period - Slapshot by Marc-Antoine Pouliot.
13:40 of 2nd period - Shot Misses the Net.
13:41 of 2nd period - Penalty to Jassen Cullimore is over, Jassen Cullimore is back on ice.
13:42 of 2nd period - Slapshot by Matt Walker.
13:42 of 2nd period - Shot Misses the Net.
13:44 of 2nd period - Wrist shot by Mathieu Roy.
13:44 of 2nd period - Stopped by Karri Ramo with a rebound.
13:46 of 2nd period - Slapshot by Danny Syvret.
13:46 of 2nd period - Shot Misses the Net.
13:48 of 2nd period - Snap shot by Marc-Antoine Pouliot.
13:48 of 2nd period - Shot Blocked by Petteri Nokelainen.
13:50 of 2nd period - Backhand shot by Danny Syvret.
13:50 of 2nd period - Shot Blocked by Petteri Nokelainen.
14:53 of 2nd period - Mike Weber is hit by Brandon Dubinsky and loses puck.
15:11 of 2nd period - Chris Conner is hit by Dick Tarnstrom and loses puck.
15:39 of 2nd period - Mark Fraser is hit by Kris Beech and loses puck.
15:59 of 2nd period - Minor Penalty to Alyn McCauley for High sticking.
16:00 of 2nd period - Brandon Dubinsky wins face-off versus Mike Grier in Punishers zone.
16:03 of 2nd period - Snap shot by Martin Samuelsson.
16:03 of 2nd period - Stopped by Karri Ramo without a rebound.
16:04 of 2nd period - Brandon Dubinsky wins face-off versus Mike Grier in Punishers zone.
16:07 of 2nd period - Snap shot by Ryan Callahan.
16:07 of 2nd period - Stopped by Karri Ramo with a rebound.
16:09 of 2nd period - Slapshot by Ryan Callahan.
16:09 of 2nd period - Shot Blocked by Kirk Maltby.
16:11 of 2nd period - Slapshot by Matt Walker.
16:11 of 2nd period - Shot Blocked by Mike Grier.
16:13 of 2nd period - Snap shot by Ryan Callahan.
16:13 of 2nd period - Shot Blocked by Kirk Maltby.
16:15 of 2nd period - Snap shot by Ryan Callahan.
16:15 of 2nd period - Stopped by Karri Ramo with a rebound.
16:41 of 2nd period - Marc-André Bergeron is hit by Mathieu Roy and loses puck.
17:01 of 2nd period - Snap shot by David Krejci.
17:01 of 2nd period - Stopped by Karri Ramo with a rebound.
17:15 of 2nd period - Slapshot by Marc-André Bergeron.
17:15 of 2nd period - Shot Misses the Net.
17:17 of 2nd period - Slapshot by Jassen Cullimore.
17:17 of 2nd period - Stopped by Yann Danis with a rebound.
17:18 of 2nd period - Minor Penalty to Mathieu Roy for Hooking.
17:19 of 2nd period - Mike Grier wins face-off versus Ryan Callahan in Spitfire zone.
17:24 of 2nd period - Wrist shot by Mike Grier.
17:24 of 2nd period - Shot Hit the Post.
17:26 of 2nd period - Wrist shot by Mark Fraser.
17:26 of 2nd period - Shot Misses the Net.
17:28 of 2nd period - Slapshot by Jean-Luc Grand-Pierre.
17:28 of 2nd period - Stopped by Yann Danis with a rebound.
17:30 of 2nd period - Snap shot by Mark Fraser.
17:30 of 2nd period - Stopped by Yann Danis without a rebound.
17:31 of 2nd period - Martin Samuelsson wins face-off versus Kirk Maltby in Spitfire zone.
17:59 of 2nd period - Penalty to Alyn McCauley is over, Alyn McCauley is back on ice.
18:40 of 2nd period - Jean-Luc Grand-Pierre is hit by Denis Shvidki and loses puck.
19:18 of 2nd period - Penalty to Mathieu Roy is over, Mathieu Roy is back on ice.
19:51 of 2nd period - Mike Weber is hit by David Krejci and loses puck.
3rd period
0:01 of 3rd period - Alyn McCauley wins face-off versus Martin Samuelsson in neutral zone.
0:27 of 3rd period - Snap shot by Petteri Nokelainen.
0:27 of 3rd period - Shot Blocked by Kevin Klein.
0:29 of 3rd period - Wrist shot by Adam Pineault.
0:29 of 3rd period - Shot Misses the Net.
0:31 of 3rd period - Slapshot by Jean-Luc Grand-Pierre.
0:31 of 3rd period - Shot Misses the Net.
0:33 of 3rd period - Slapshot by Kirk Maltby.
0:33 of 3rd period - Stopped by Yann Danis with a rebound.
0:35 of 3rd period - Wrist shot by Petteri Nokelainen.
0:35 of 3rd period - Stopped by Yann Danis without a rebound.
0:36 of 3rd period - Alyn McCauley wins face-off versus Tim Kennedy in Spitfire zone.
0:44 of 3rd period - Off-side.
0:45 of 3rd period - David Krejci wins face-off versus Viktor Stalberg in neutral zone.
1:04 of 3rd period - Slapshot by Viktor Stalberg.
1:04 of 3rd period - Stopped by Yann Danis with a rebound.
1:20 of 3rd period - Slapshot by David Krejci.
1:20 of 3rd period - Stopped by Karri Ramo without a rebound.
1:21 of 3rd period - Dave Bolland wins face-off versus Brandon Dubinsky in Punishers zone.
1:21 of 3rd period - Dave Bolland is hit by Kevin Klein.
1:26 of 3rd period - Minor Penalty to Dick Tarnstrom for High sticking.
1:26 of 3rd period - Minor Penalty to Jean-Luc Grand-Pierre for Tripping.
1:27 of 3rd period - Ryan Callahan wins face-off versus Mike Grier in Punishers zone.
1:32 of 3rd period - Wrist shot by Ryan Callahan.
1:32 of 3rd period - Deflect By Martin Samuelsson.
1:32 of 3rd period - Stopped by Karri Ramo with a rebound.
1:40 of 3rd period - Snap shot by Martin Samuelsson.
1:40 of 3rd period - Stopped by Karri Ramo with a rebound.
2:18 of 3rd period - Wrist shot by Dave Bolland.
2:18 of 3rd period - Stopped by Yann Danis with a rebound.
2:36 of 3rd period - Matt Walker is hit by Viktor Stalberg and loses puck.
2:49 of 3rd period - Mathieu Roy is hit by Kris Chucko.
2:58 of 3rd period - Marc-Antoine Pouliot is hit by Viktor Stalberg and loses puck.
3:26 of 3rd period - Penalty to Dick Tarnstrom is over, Dick Tarnstrom is back on ice.
3:26 of 3rd period - Penalty to Jean-Luc Grand-Pierre is over, Jean-Luc Grand-Pierre is back on ice.
3:36 of 3rd period - Slapshot by Jean-Luc Grand-Pierre.
3:36 of 3rd period - Deflect By Denis Shvidki.
3:36 of 3rd period - Shot Misses the Net.
3:36 of 3rd period - Puck is out of play.
3:37 of 3rd period - Dave Bolland wins face-off versus Kris Beech in Spitfire zone.
3:38 of 3rd period - Snap shot by Chris Conner.
3:38 of 3rd period - Stopped by Yann Danis with a rebound.
3:40 of 3rd period - Wrist shot by Chris Conner.
3:40 of 3rd period - Shot Hit the Post.
3:42 of 3rd period - Slapshot by Jassen Cullimore.
3:42 of 3rd period - Stopped by Yann Danis with a rebound.
4:23 of 3rd period - Snap shot by Kris Chucko.
4:23 of 3rd period - Stopped by Yann Danis without a rebound.
4:24 of 3rd period - Joe Vitale wins face-off versus Brandon Dubinsky in Spitfire zone.
4:27 of 3rd period - Wrist shot by Kris Chucko.
4:27 of 3rd period - Shot Misses the Net.
4:49 of 3rd period - Dick Tarnstrom is hit by Mike Weber and loses puck.
4:54 of 3rd period - Wrist shot by Alyn McCauley.
4:54 of 3rd period - Stopped by Yann Danis without a rebound.
4:55 of 3rd period - Brandon Dubinsky wins face-off versus Alyn McCauley in Spitfire zone.
5:20 of 3rd period - Jimmie Olvestad is hit by Tim Kennedy and loses puck.
6:03 of 3rd period - Wrist shot by Brandon Dubinsky.
6:03 of 3rd period - Stopped by Karri Ramo without a rebound.
6:04 of 3rd period - Alyn McCauley wins face-off versus Brandon Dubinsky in Punishers zone.
6:30 of 3rd period - Denis Shvidki is hit by Chris Conner and loses puck.
7:11 of 3rd period - Minor Penalty to Mathieu Roy for Roughing.
7:12 of 3rd period - Alyn McCauley wins face-off versus Ryan Callahan in Spitfire zone.
7:42 of 3rd period - Icing by Jimmie Olvestad.
7:43 of 3rd period - Denis Shvidki wins face-off versus Chris Conner in Punishers zone.
8:18 of 3rd period - Snap shot by Dave Bolland.
8:18 of 3rd period - Goal by Dave Bolland - Punishers : 7 - Spitfire : 2.
8:19 of 3rd period - Brandon Dubinsky wins face-off versus Mike Grier in neutral zone.
8:22 of 3rd period - Slapshot by Kevin Klein.
8:22 of 3rd period - Shot Misses the Net.
9:04 of 3rd period - Jean-Luc Grand-Pierre is hit by Paul Bissonnette and loses puck.
9:09 of 3rd period - Jean-Luc Grand-Pierre is hit by Kris Beech and loses puck.
10:24 of 3rd period - Icing by Mike Weber.
10:25 of 3rd period - Petteri Nokelainen wins face-off versus Kris Beech in Punishers zone.
10:30 of 3rd period - Wrist shot by Kris Beech.
10:30 of 3rd period - Stopped by Karri Ramo without a rebound.
10:31 of 3rd period - Kris Beech wins face-off versus Kirk Maltby in Punishers zone.
10:56 of 3rd period - Wrist shot by Erik Condra.
10:56 of 3rd period - Deflect By Paul Bissonnette.
10:56 of 3rd period - Shot Misses the Net.
10:56 of 3rd period - Puck is out of play.
10:57 of 3rd period - Alyn McCauley wins face-off versus Brandon Dubinsky in Punishers zone.
10:57 of 3rd period - Alyn McCauley is hit by Kevin Klein.
11:09 of 3rd period - Wrist shot by Brandon Dubinsky.
11:09 of 3rd period - Stopped by Karri Ramo without a rebound.
11:10 of 3rd period - Alyn McCauley wins face-off versus Brandon Dubinsky in Punishers zone.
11:19 of 3rd period - Snap shot by Viktor Stalberg.
11:19 of 3rd period - Stopped by Yann Danis without a rebound.
11:20 of 3rd period - Brandon Dubinsky wins face-off versus Alyn McCauley in Spitfire zone.
12:24 of 3rd period - Wrist shot by Martin Samuelsson.
12:24 of 3rd period - Stopped by Karri Ramo without a rebound.
12:25 of 3rd period - Dave Bolland wins face-off versus David Krejci in Punishers zone.
13:05 of 3rd period - Minor Penalty to Devin Didiomete for Roughing.
13:06 of 3rd period - Ryan Callahan wins face-off versus Dave Bolland in Spitfire zone.
13:06 of 3rd period - Ryan Callahan is hit by Jassen Cullimore.
13:18 of 3rd period - Snap shot by Dave Bolland.
13:18 of 3rd period - Goal by Dave Bolland - Punishers : 8 - Spitfire : 2.
13:19 of 3rd period - Brandon Dubinsky wins face-off versus Dave Bolland in neutral zone.
13:22 of 3rd period - Slapshot by Dick Tarnstrom.
13:22 of 3rd period - Stopped by Karri Ramo without a rebound.
13:23 of 3rd period - Dave Bolland wins face-off versus Brandon Dubinsky in Punishers zone.
13:23 of 3rd period - Marc-André Bergeron is hit by Dick Tarnstrom.
13:31 of 3rd period - Slapshot by Dick Tarnstrom.
13:31 of 3rd period - Deflect By Martin Samuelsson.
13:31 of 3rd period - Shot Blocked by Chris Conner.
13:31 of 3rd period - Puck is out of play.
13:32 of 3rd period - Mike Grier wins face-off versus Brandon Dubinsky in Punishers zone.
14:11 of 3rd period - Minor Penalty to Mathieu Roy for Hooking.
14:11 of 3rd period - Minor Penalty to Adam Pineault for Roughing.
14:12 of 3rd period - Ryan Callahan wins face-off versus Mike Grier in Punishers zone.
14:19 of 3rd period - Snap shot by Martin Samuelsson.
14:19 of 3rd period - Stopped by Karri Ramo with a rebound.
14:21 of 3rd period - Slapshot by Dick Tarnstrom.
14:21 of 3rd period - Stopped by Karri Ramo without a rebound.
14:22 of 3rd period - Mike Grier wins face-off versus Ryan Callahan in Punishers zone.
14:32 of 3rd period - Off-side.
14:33 of 3rd period - Mike Grier wins face-off versus Ryan Callahan in neutral zone.
14:44 of 3rd period - Snap shot by Kirk Maltby.
14:44 of 3rd period - Shot Misses the Net.
15:16 of 3rd period - Wrist shot by Denis Shvidki.
15:16 of 3rd period - Shot Misses the Net.
15:50 of 3rd period - Jassen Cullimore is hit by Matt Walker and loses puck.
15:51 of 3rd period - Jassen Cullimore from Punishers is injured at 15:51 of 3rd period (Groin).
15:52 of 3rd period - Mike Grier wins face-off versus Ryan Callahan in Punishers zone.
16:11 of 3rd period - Penalty to Mathieu Roy is over, Mathieu Roy is back on ice.
16:11 of 3rd period - Penalty to Adam Pineault is over, Adam Pineault is back on ice.
16:19 of 3rd period - Slapshot by Kris Beech.
16:19 of 3rd period - Stopped by Karri Ramo with a rebound.
16:27 of 3rd period - Wrist shot by Kris Beech.
16:27 of 3rd period - Deflect By Paul Bissonnette.
16:27 of 3rd period - Shot Misses the Net.
16:27 of 3rd period - Puck is out of play.
16:28 of 3rd period - Dave Bolland wins face-off versus Brandon Dubinsky in Punishers zone.
16:28 of 3rd period - Dave Bolland is hit by Brandon Dubinsky.
16:44 of 3rd period - Wrist shot by Jimmie Olvestad.
16:44 of 3rd period - Shot Misses the Net.
16:54 of 3rd period - Jean-Luc Grand-Pierre is hit by David Krejci and loses puck.
17:03 of 3rd period - Snap shot by Denis Shvidki.
17:03 of 3rd period - Stopped by Karri Ramo without a rebound.
17:04 of 3rd period - Brandon Dubinsky wins face-off versus Alyn McCauley in Punishers zone.
17:19 of 3rd period - Wrist shot by Mike Grier.
17:19 of 3rd period - Shot Hit the Post.
17:38 of 3rd period - Wrist shot by David Krejci.
17:38 of 3rd period - Stopped by Karri Ramo with a rebound.
17:52 of 3rd period - Snap shot by Dick Tarnstrom.
17:52 of 3rd period - Stopped by Karri Ramo with a rebound.
17:54 of 3rd period - Slapshot by Keaton Ellerby.
17:54 of 3rd period - Shot Blocked by Petteri Nokelainen.
17:56 of 3rd period - Snap shot by Marc-Antoine Pouliot.
17:56 of 3rd period - Shot Blocked by Adam Pineault.
17:58 of 3rd period - Snap shot by Brad Staubitz.
17:58 of 3rd period - Shot Misses the Net.
18:00 of 3rd period - Snap shot by Brad Staubitz.
18:00 of 3rd period - Shot Blocked by Stu Bickel.
18:24 of 3rd period - Kris Chucko is hit by Matt Walker and loses puck.
18:42 of 3rd period - Mike Grier is hit by Brandon Dubinsky and loses puck.
19:19 of 3rd period - Snap shot by Marc-Antoine Pouliot.
19:19 of 3rd period - Shot Misses the Net.
19:40 of 3rd period - Wrist shot by Kris Beech.
19:40 of 3rd period - Goal by Kris Beech - Punishers : 8 - Spitfire : 3.
19:41 of 3rd period - Alyn McCauley wins face-off versus Brandon Dubinsky in neutral zone.
19:50 of 3rd period - Wrist shot by Mike Grier.
19:50 of 3rd period - Stopped by Yann Danis with a rebound.
19:55 of 3rd period - Dick Tarnstrom is hit by Jean-Luc Grand-Pierre and loses puck.
Output by the SimonT Hockey Simulator (STHS) for François Prévost -- Original Page W3C XHTML 1.0 Valid